 Dungeon Crawl Stone Soup version 0.22-a0-271-gc000056a37 (webtiles) character file.

107659 NooBeakApe the Stormcaller (level 16, -7/88 HPs)
             Began as a Vine Stalker Air Elementalist on Mar 12, 2018.
             Was a High Priest of Ashenzari.
             Mangled by a spiny frog (16 damage)
             ... on level 1 of the Swamp.
             The game lasted 02:08:08 (24560 turns).

NooBeakApe the Stormcaller (VSAE)                  Turns: 24560, Time: 02:08:09

Health: -7/88      AC: 10    Str: 13    XL:     16   Next: 47%
Magic:  0/34       EV: 14    Int: 25    God:    Ashenzari [*****.]
Gold:   1638       SH:  8    Dex: 22    Spells: 16/41 levels left

rFire    + + .     SeeInvis +   L - +9 whip "Ireninni" {speed, *Corrode Int+5} (curse)
rCold    . . .     Gourm    .   m - +0 buckler of Iryl {*Corrode +Blink rF+ MR+++} (curse)
rNeg     + + .     Faith    .   S - +0 acid dragon scales
rPois    .         Spirit   +   K - +1 helmet
rElec    +         Reflect  .   t - +0 cloak
rCorr    +         Harm     .   C - +1 pair of gloves {Dex+3} (curse)
MR       +++++     Clarity  +   s - +0 pair of boots
Stlth    +++.......             d - amulet of the acrobat
HPRegen  1.04/turn              w - ring of protection from fire
MPRegen  0.24/turn              x - ring of Soonuh {rN++ MR+} (curse)

@: lethally poisoned (-7 -> -22), corroded
A: fangs 3, thin skeletal structure 1, clarity, regeneration 2, robust 1,
electricity resistance, strong 1, evolution 1, magic shield, antimagic bite, no
potion heal 3, rot immunity
a: Curse Item, Scrying, Transfer Knowledge, Renounce Religion, Evoke Blink


You were on level 1 of the Swamp.
You worshipped Ashenzari.
Ashenzari was extremely pleased with you.
You were not hungry.

You visited 4 branches of the dungeon, and saw 21 of its levels.
You also visited: Ossuary.

You collected 2378 gold pieces.
You spent 740 gold pieces at shops.

Inventory:

Hand Weapons
 b - a +0 scimitar of flaming
 L - the cursed +9 whip "Ireninni" (weapon) {speed, *Corrode Int+5}
   (You found it on level 6 of the Lair of Beasts)

   Attacks with this weapon are significantly faster.
   It affects your intelligence (+5).
   It may corrode you when you take damage.
   It has a curse placed upon it.
 Y - a +0 lajatang of flaming
Missiles
 Q - 5 throwing nets (quivered)
Armour
 m - the cursed +0 buckler of Iryl (worn) {*Corrode +Blink rF+ MR+++}
   (You found it on level 2 of the Lair of Beasts)

   It protects you from fire.
   It affects your resistance to hostile enchantments.
   It lets you blink.
   It may corrode you when you take damage.
   It has a curse placed upon it.
 s - a +0 pair of boots (worn)
 t - a +0 cloak (worn)
 C - a cursed +1 pair of gloves of dexterity (worn)
 K - a +1 helmet (worn)
 S - +0 acid dragon scales (worn)
Jewellery
 d - an amulet of the acrobat (around neck)
 p - an uncursed ring of flight
 w - a ring of protection from fire (left hand)
 x - the cursed ring of Soonuh (right hand) {rN++ MR+}
   (You found it in an ossuary)

   [ring of protection from magic]

   It greatly protects you from negative energy.
   It affects your resistance to hostile enchantments.
   It has a curse placed upon it.
 R - an uncursed ring of poison resistance
Wands
 n - a wand of flame (57)
 V - a wand of digging (11)
 X - a wand of iceblast (4)
Scrolls
 f - 4 scrolls of immolation
 h - 3 scrolls of amnesia
 i - 10 scrolls of teleportation
 j - 7 scrolls of enchant weapon
 l - 4 scrolls of remove curse
 r - 7 scrolls of enchant armour
 y - 2 scrolls of summoning
 B - 3 scrolls of magic mapping
 D - a scroll of blinking
 J - 3 scrolls of identify
 Z - a scroll of brand weapon
Potions
 e - 3 potions of lignification
 g - 3 potions of brilliance
 k - a potion of invisibility
 o - 2 potions of might
 q - 5 potions of cancellation
 u - 2 potions of ambrosia
 A - 3 potions of mutation
 E - a potion of magic
 M - a potion of flight
 N - 3 potions of haste
 O - 4 potions of curing
 P - 3 potions of agility
 T - a potion of resistance
Miscellaneous
 z - a fan of gales
 U - a crystal ball of energy
Comestibles
 c - 41 rations


   Skills:
 + Level 7.4 Fighting
 + Level 4.6 Staves
 - Level 6.0 Armour
 - Level 4.0 Dodging
 - Level 3.0 Stealth
 + Level 10.2(12.7) Shields
 + Level 13.3 Spellcasting
 - Level 8.0 Conjurations
 + Level 6.0 Charms
 - Level 2.0 Summonings
 - Level 3.0 Translocations
 - Level 3.0 Fire Magic
 - Level 15.0 Air Magic
 - Level 4.0 Poison Magic


You had 16 spell levels left.
You knew the following spells:

 Your Spells              Type           Power        Failure   Level  Hunger
a - Shock                 Conj/Air       ####         1%          1    None
b - Swiftness             Chrm/Air       ######..     1%          2    None
c - Static Discharge      Conj/Air       ######..     1%          3    None
d - Airstrike             Air            #######...   1%          4    None
e - Lightning Bolt        Conj/Air       ######....   1%          5    ###....
f - Poisonous Vapours     Pois/Air       ######       1%          2    None
g - Mephitic Cloud        Conj/Pois/Air  ######..     1%          3    None
h - Apportation           Tloc           ####..       1%          1    None
i - Summon Butterflies    Summ           ####....     2%          1    None
j - Conjure Flame         Conj/Fire      #####...     1%          3    None


Dungeon Overview and Level Annotations

Branches:
Dungeon (12/15)            Temple (0/1) D:7            Lair (6/6) D:11
  Swamp (1/4) Lair:3       Spider (0/4) Lair:4        Slime (0/5) Lair:5
    Orc (2/2) D:12            Elf (0/3) Orc:2

Altars:
Ashenzari
Cheibriados
Dithmenos
Fedhas
Gozag
Kikubaaqudgha
Makhleb
Nemelex Xobeh
Qazlal
Uskayaw
Wu Jian
Xom
Yredelemnul
The Shining One
Jiyva

Shops:
D:4 ?   D:5 [   D:10 *   Orc:2 }(*=


Innate Abilities, Weirdness & Mutations

You have razor-sharp teeth.
You heal very quickly.
When hurt, damage is shared between your health and your magic reserves.
Your bite disrupts and absorbs the magic of your enemies.
Potions cannot restore your health.
You are immune to rotting.
You have a somewhat thin skeletal structure. (Dex +2, Stealth)
You possess an exceptional clarity of mind.
You are robust. (+10% HP)
You are resistant to electric shocks. (rElec)
Your muscles are strong. (Str +2)
You evolve.


Message History

You are engulfed in poison gas.
You are more poisoned.
* * * LOW HITPOINT WARNING * * *
You feel very sick. You block the spiny frog's attack.
Your system rejects the healing.
You feel better.
You are engulfed in poison gas.
You are poisoned.
* * * LOW HITPOINT WARNING * * *
You feel sick. The spiny frog stings you.
* * * LOW HITPOINT WARNING * * *
You are more poisoned.
The spiny frog poisons you!
You can't go down here!
You are engulfed in poison gas.
You are lethally poisoned!
* * * LOW HITPOINT WARNING * * *
x2 You feel very sick.
The spiny frog stings you!
You die...

♣.≈.♣≈≈♣.≈W≈.♣*
**♣≈..≈≈≈≈≈≈...♣
.≈≈≈♣≈≈≈≈.♣♣.♣
≈≈≈≈..♣≈≈♣....♣
≈..≈....≈..≈≈.♣ ≈
≈≈♣≈≈≈≈≈≈....♣♣
,,♣≈≈≈.≈≈≈≈≈§.♣♣ ,
≈.♣≈≈..≈≈≈..§§§♣♣♣♣
≈≈≈.≈.≈≈§≈.♣.§@§§.♣
≈
♣.≈≈≈≈≈≈≈..♣♣§F§≈♣♣
,
♣.≈≈≈≈≈...♣♣♣♣≈§♣♣
≈≈♣.≈≈≈≈♣♣≈.♣ ♣†♣♣
, .♣..≈. ♣♣.♣ ♣.♣
,, ♣♣... ♣.♣ ♣.♣
*♣♣.♣* ♣.♣ ♣≈♣ *
♣.* ♣.♣ ♣≈♣♣ *** *
* ♣>♣ ♣§.♣


You could see a spiny frog.

Vanquished Creatures
  Rupert (D:12)
  A stone giant (Orc:2)
  Snorg (D:12)
  The ghost of UristMcMason the Eclecticist, a journeyman DEFE of Sif Muna (Lair:6)
  4 ogre magi
  Harold (D:11)
  9 hydras
  A catoblepas (Lair:6)
  A death knight (D:11)
  A deep troll shaman (Lair:6)
  An alligator (Lair:3)
  22 two-headed ogres
  4 death yaks (Lair:6)
  Urug (Lair:2)
  A fire crab (Lair:6)
  Nergalle (D:12)
  An unseen horror (D:10)
  2 deep trolls (Orc:2)
  2 swamp dragons
  Pikel (D:7)
  A lindwurm (Lair:6)
  A phantasmal warrior (D:11)
  7 cyclopes
  An orc knight (Orc:1)
  3 ugly things
  An orb spider (Lair:4)
  3 orc sorcerers
  33 elephants
  5 black mambas
  11 spiny frogs
  A freezing wraith (D:11)
  4 komodo dragons
  10 trolls
  4 polar bears
  A tyrant leech (Lair:3)
  5 blink frogs (Lair:5)
  11 dream sheep
  6 hippogriffs
  A shadow (Swamp:1)
  3 wraiths
  3 wyverns
  54 yaks
  A basilisk (Lair:2)
  A steam dragon (D:11)
  A hungry ghost (D:9)
  2 wargs (Orc:2)
  Menkaure (D:4)
  A swamp worm (Lair:3)
  2 acid dragons (D:12)
  7 porcupines
  15 water moccasins
  4 ice beasts
  3 phantoms
  4 black bears
  A swamp drake (Swamp:1)
  21 orc warriors
  4 slaves (D:7)
  An eye of draining (D:12)
  33 ogres
  25 wolves
  7 centaurs
  16 crocodiles
  15 bullfrogs
  A water moccasin zombie (Ossuary)
  6 scorpions
  14 wights
  2 howler monkeys
  An electric eel (Lair:1)
  A bullfrog zombie (D:5)
  2 centaur zombies
  6 crimson imps
  A lava snake (Lair:1)
  2 bullfrog skeletons
  Crazy Yiuf (D:3)
  10 orc priests
  6 hounds
  2 jellies
  24 orc wizards
  A centaur skeleton (D:6)
  4 iguanas
  Natasha (thrice) (D:3)
  5 worker ants
  3 big kobold zombies (Ossuary)
  A hound zombie (D:8)
  A hound skeleton (D:9)
  2 mummies (Ossuary)
  4 worker ant zombies
  3 gnolls (D:7)
  11 adders
  2 shadow imps
  An ooze (D:1)
  An adder skeleton (D:4)
  6 adder zombies (Ossuary)
  2 worms (D:3)
  4 leopard geckos
  72 orcs
  7 giant cockroaches
  3 gnoll zombies (Ossuary)
  11 goblins
  10 hobgoblins
  12 jackals
  7 quokkas
  8 bats
  3 frilled lizards
  7 hobgoblin zombies (Ossuary)
  2 jackal skeletons
  4 kobolds
  2 leopard gecko zombies (D:8)
  4 orc zombies (Ossuary)
  2 quokka skeletons (D:6)
  7 rats
  A fire vortex (Lair:1)
  A fungus (Lair:4)
  A plant (D:4)
688 creatures vanquished.

Vanquished Creatures (others)
  13 fungi
  8 plants
21 creatures vanquished.

Grand Total: 709 creatures vanquished

Notes
Turn   | Place    | Note
-------+----------+-------------------------------------------
     0 | D:1      | NooBeakApe the Vine Stalker Air Elementalist began the quest for the Orb.
     0 | D:1      | Reached XP level 1. HP: 9/9 MP: 4/4
   165 | D:1      | Reached XP level 2. HP: 13/13 MP: 0/6
   302 | D:1      | Learned a level 2 spell: Swiftness
   762 | D:2      | Reached XP level 3. HP: 16/16 MP: 5/7
   767 | D:2      | Learned a level 3 spell: Static Discharge
   776 | D:2      | Found a blossoming altar of Fedhas.
  1048 | D:2      | Found a sparkling altar of Nemelex Xobeh.
  1400 | D:2      | Gained mutation: Your natural rate of healing is unusually fast. [Vine Stalker growth]
  1400 | D:2      | Reached XP level 4. HP: 21/21 MP: 5/9
  1898 | D:3      | Reached skill level 4 in Air Magic
  1928 | D:3      | Reached XP level 5. HP: 24/24 MP: 8/10
  1944 | D:3      | Learned a level 4 spell: Airstrike
  2025 | D:3      | Noticed Natasha
  2053 | D:3      | Killed Natasha
  2153 | D:3      | Noticed Natasha
  2163 | D:3      | Killed Natasha
  2366 | D:3      | Found a shattered altar of Ashenzari.
  2430 | D:3      | Became a worshipper of Ashenzari the Shackled
  2470 | D:3      | Found a runed door.
  2504 | D:3      | Noticed Natasha
  2505 | D:3      | Killed Natasha
  2694 | D:3      | Noticed Crazy Yiuf
  2712 | D:3      | Killed Crazy Yiuf
  2712 | D:3      | Reached skill level 1 in Shields
  2712 | D:3      | Reached XP level 6. HP: 17/28 MP: 0/11
  2936 | D:4      | Reached skill level 5 in Air Magic
  2972 | D:4      | Found Vaf Taonu's Magic Scroll Emporium.
  2975 | D:4      | Bought a scroll of identify for 20 gold pieces
  3096 | D:4      | Found a sand-covered staircase.
  3101 | Ossuary  | Entered an ossuary
  3101 | Ossuary  | Identified the ring of Soonuh {rN++ MR+}
  3149 | Ossuary  | Reached XP level 7. HP: 32/32 MP: 11/13
  3599 | D:4      | Noticed Menkaure
  3606 | D:4      | Killed Menkaure
  3606 | D:4      | Reached skill level 6 in Air Magic
  3846 | D:5      | Entered Level 5 of the Dungeon
  4010 | D:5      | Gained mutation: You have razor-sharp teeth. [Vine Stalker growth]
  4010 | D:5      | Reached XP level 8. HP: 23/36 MP: 9/15
  4029 | D:5      | Found an ancient bone altar of Kikubaaqudgha.
  4381 | D:5      | Found Rekhasoe's Armour Emporium.
  4428 | D:4      | Reached skill level 1 in Charms
  4656 | D:5      | Found a glowing golden altar of the Shining One.
  4759 | D:5      | Reached skill level 7 in Air Magic
  4789 | D:5      | Found a hide-covered altar of Uskayaw.
  4923 | D:5      | Learned a level 5 spell: Lightning Bolt
  4970 | D:6      | Reached skill level 5 in Spellcasting
  5011 | D:6      | Found a shimmering altar of Xom.
  5095 | D:6      | Reached * piety under Ashenzari
  5155 | D:6      | Reached skill level 1 in Fighting
  5195 | D:6      | Reached XP level 9. HP: 41/41 MP: 9/18
  5238 | D:6      | Reached skill level 8 in Air Magic
  5417 | D:6      | Learned a level 2 spell: Poisonous Vapours
  6099 | D:7      | Found a staircase to the Ecumenical Temple.
  6125 | D:7      | Noticed Pikel
  6192 | D:7      | Killed Pikel
  6192 | D:7      | Reached skill level 9 in Air Magic
  6227 | D:7      | Learned a level 3 spell: Mephitic Cloud
  6310 | D:7      | Found a burning altar of Makhleb.
  6328 | D:7      | Reached skill level 5 in Shields
  6480 | D:7      | Found a shattered altar of Ashenzari.
  6632 | D:8      | Reached XP level 10. HP: 49/49 MP: 15/20
  6654 | D:8      | Found a basalt altar of Yredelemnul.
  6654 | D:8      | Found a snail-covered altar of Cheibriados.
  6656 | D:8      | Found a stormy altar of Qazlal.
  6656 | D:8      | Noticed a two-headed ogre
  6777 | D:8      | Found an ornate altar of the Wu Jian Council.
  6778 | D:8      | Found a shadowy altar of Dithmenos.
  7660 | D:9      | Found a shimmering altar of Xom.
  8111 | D:9      | Reached skill level 10 in Air Magic
  8111 | D:9      | Reached skill level 1 in Poison Magic
  8418 | D:9      | Learned a level 1 spell: Apportation
  8420 | D:9      | Learned a level 1 spell: Summon Butterflies
  8558 | D:10     | Entered Level 10 of the Dungeon
  8724 | D:10     | Killed an unseen horror
  9155 | D:10     | Noticed a two-headed ogre
  9172 | D:10     | Killed a two-headed ogre
  9172 | D:10     | Reached XP level 11. HP: 53/53 MP: 0/23
  9419 | D:10     | Learned a level 3 spell: Conjure Flame
  9487 | D:10     | Reached skill level 11 in Air Magic
  9514 | D:10     | Reached ** piety under Ashenzari
  9583 | D:10     | Noticed a swamp dragon
  9628 | D:10     | Killed a swamp dragon
  9920 | D:10     | Found Fihotole's Assorted Antiques.
  9926 | D:10     | Bought a crystal ball of energy for 720 gold pieces
 10348 | D:11     | Noticed a cyclops
 10362 | D:11     | Killed a cyclops
 10450 | D:11     | Noticed Harold
 10459 | D:11     | Noticed a two-headed ogre
 10463 | D:11     | Noticed an ogre mage
 10464 | D:11     | Noticed a two-headed ogre
 10494 | D:11     | Killed an ogre mage
 10494 | D:11     | Reached skill level 1 in Summonings
 10500 | D:11     | Killed a two-headed ogre
 10508 | D:11     | Noticed a two-headed ogre
 10512 | D:11     | Noticed a cyclops
 10522 | D:11     | Killed a two-headed ogre
 10529 | D:11     | Killed a cyclops
 10536 | D:11     | Killed a two-headed ogre
 10536 | D:11     | Reached skill level 1 in Translocations
 10574 | D:11     | Reached skill level 12 in Air Magic
 10575 | D:11     | Noticed a two-headed ogre
 10599 | D:11     | Noticed a two-headed ogre
 10662 | D:11     | Killed a two-headed ogre
 10678 | D:11     | Killed a two-headed ogre
 10678 | D:11     | Gained mutation: You heal very quickly. [Vine Stalker growth]
 10678 | D:11     | Reached XP level 12. HP: 46/58 MP: 14/25
 10905 | D:11     | Noticed a two-headed ogre
 10939 | D:11     | Killed a two-headed ogre
 10939 | D:11     | Reached skill level 1 in Fire Magic
 10953 | D:11     | Killed Harold
 11010 | D:11     | Noticed a two-headed ogre
 11092 | D:11     | Killed a two-headed ogre
 11236 | D:11     | Reached skill level 1 in Armour
 11343 | D:11     | Noticed a death knight
 11409 | D:11     | Killed a death knight
 11409 | D:11     | Reached skill level 13 in Air Magic
 11754 | D:11     | Found a staircase to the Lair.
 11848 | Lair:1   | Entered Level 1 of the Lair of Beasts
 12315 | Lair:1   | Noticed a seven-headed hydra
 12373 | Lair:1   | Killed a one-headed hydra
 12626 | Lair:2   | Reached *** piety under Ashenzari
 12641 | Lair:2   | Noticed Urug
 12874 | Lair:2   | Noticed a seven-headed hydra
 12879 | Lair:2   | Killed a seven-headed hydra
 12879 | Lair:2   | Reached XP level 13. HP: 61/61 MP: 3/27
 13021 | Lair:2   | Reached skill level 5 in Fighting
 13021 | Lair:2   | Reached skill level 10 in Spellcasting
 13021 | Lair:2   | Reached XP level 14. HP: 68/68 MP: 27/29
 13386 | Lair:2   | Killed Urug
 13401 | Lair:2   | Identified the cursed +0 buckler of Iryl {*Corrode +Blink rF+ MR+++}
 13587 | Lair:2   | Reached skill level 5 in Armour
 13914 | Lair:3   | Gained mutation: Your body sometimes deteriorates upon taking damage. [potion of mutation]
 13914 | Lair:3   | Gained mutation: Your magical capacity is low. (-10% MP) [potion of mutation]
 13914 | Lair:3   | Gained mutation: You are agile. (Dex +2) [potion of mutation]
 13915 | Lair:3   | Lost mutation: Your magical capacity is low. (-10% MP) [potion of mutation]
 13915 | Lair:3   | Lost mutation: Your body sometimes deteriorates upon taking damage. [potion of mutation]
 13915 | Lair:3   | Lost mutation: You are agile. (Dex +2) [potion of mutation]
 13915 | Lair:3   | Gained mutation: You regenerate. [potion of mutation]
 13915 | Lair:3   | Gained mutation: You possess an exceptional clarity of mind. [potion of mutation]
 13916 | Lair:3   | Gained mutation: You have a somewhat thin skeletal structure. (Dex +2, Stealth) [potion of mutation]
 13916 | Lair:3   | Gained mutation: You evolve. [potion of mutation]
 13916 | Lair:3   | Gained mutation: You are robust. (+10% HP) [potion of mutation]
 14208 | Lair:3   | Reached **** piety under Ashenzari
 14727 | Lair:3   | Reached skill level 14 in Air Magic
 15031 | Lair:3   | Lost mutation: You regenerate. [evolution]
 15151 | Lair:3   | Reached skill level 5 in Conjurations
 15276 | Lair:3   | Found a staircase to the Swamp.
 16276 | Lair:4   | Found a hole to the Spider Nest.
 17161 | Lair:5   | Found a staircase to the Slime Pits.
 17162 | Lair:5   | Found a viscous altar of Jiyva.
 17294 | Lair:5   | Reached skill level 15 in Air Magic
 17746 | Lair:5   | Reached XP level 15. HP: 79/79 MP: 13/31
 17860 | Lair:6   | Entered Level 6 of the Lair of Beasts
 17907 | Lair:6   | Reached skill level 10 in Shields
 18214 | Lair:6   | Noticed UristMcMason's ghost (journeyman DEFE)
 18364 | Lair:6   | Killed UristMcMason's ghost
 20070 | Lair:6   | Reached skill level 1 in Staves
 20422 | Lair:6   | Got the whip "Ireninni" {speed, *Corrode Int+5}
 20423 | Lair:6   | Identified the +9 whip "Ireninni" {speed, *Corrode Int+5} (You found it on level 6 of the Lair of Beasts)
 20657 | D:12     | Noticed Nergalle
 20921 | D:12     | Noticed Snorg
 20950 | D:12     | Killed Snorg
 21233 | D:12     | Found a staircase to the Orcish Mines.
 21234 | D:12     | Reached ***** piety under Ashenzari
 21258 | D:12     | Killed Nergalle
 21281 | D:12     | Gained mutation: Your muscles are strong. (Str +2) [evolution]
 21444 | D:12     | Found an opulent altar of Gozag.
 21626 | D:12     | Noticed Rupert
 21665 | D:12     | Killed Rupert
 21920 | Orc:1    | Entered Level 1 of the Orcish Mines
 22106 | Orc:2    | Entered Level 2 of the Orcish Mines
 22598 | Orc:2    | Reached XP level 16. HP: 62/86 MP: 30/33
 22879 | Orc:2    | Reached skill level 5 in Charms
 23081 | Orc:2    | Found a staircase to the Elven Halls.
 23127 | Orc:2    | Found Cyip's Antique Weapon Shoppe.
 23130 | Orc:2    | Found Vahof's Gadget Emporium.
 23145 | Orc:2    | Found Heigg's General Store.
 23173 | Orc:2    | Found Vusm's Jewellery Emporium.
 23222 | Orc:2    | Gained mutation: You are resistant to electric shocks. (rElec) [evolution]
 24345 | Swamp:1  | Entered Level 1 of the Swamp
 24515 | Swamp:1  | HP: 4/88 [poisoned by a swamp dragon (poison gas)]
 24560 | Swamp:1  | Mangled by a spiny frog

Vault maps used:
D:1:      nagdon_arrival_zigzag_paths
D:2:      nemelex_xobeh_ov_fountains_minmay, fedhas_altar_fruit_tree
D:3:      nicolae_ashenzari_panopticon, uniq_crazy_yiuf_cottage, uniq_natasha
D:4:      serial_shops, kennysheep_mini_moat, first_ration, enter_ossuary_5,
          serial_bayou_lake_a, uniq_menkaure
D:5:      nicolae_tso_carved_into_rock, kennysheep_mini,
          kiku_gazebo_garden_becter, serial_shops, shop_coins,
          kennysheep_small_square
D:6:      lemuel_tele_altar
D:7:      lemuel_round_altar, bloody_makhleb, minmay_temple_entry_glass,
          uniq_pikel
D:8:      grunt_temple_overflow_open, grunt_ogre_cave, minmay_misc_feat_ornament
D:9:      nicolae_overflow_hidden_temple
D:10:     minmay_the_grid_net, serial_shops, shop
D:11:     lair_entry_dummy, uniq_harold
D:12:     orc_0_dummy, basic_altar, uniq_rupert, uniq_snorg, uniq_nergalle
Lair:1:   infiniplex_staircase_pool
Lair:2:   cheibrodos_lair_lostbears, lemuel_fruit_tree, grunt_megastairs_5,
          uniq_urug
Lair:3:   minmay_swamp_entry_worms
Lair:4:   nicolae_spider_entry_orb_guardian, infiniplex_staircase_pool_2,
          grunt_megastairs_4
Lair:5:   slime_altar_1, serial_bayou_pond_e, cheibrodos_lair_caveside_slide,
          beast_lair_carwin_1
Lair:6:   grunt_lair_end_beastmaster
Swamp:1:  evilmike_swamp_ruin_house_4, lightli_tree_ring
Orc:2:    st_orc_open
Ossuary:  ossuary_tomb_2

Skill      XL: |  1  2  3  4  5  6  7  8  9 10 11 12 13 14 15 16 |
---------------+-------------------------------------------------+-----
Stealth        | 3 |  3.0
Conjurations   | 2 3 4 6 8 |  8.0
Air Magic      | 4 5 6 7 9 10 12 13 15 | 15.0
Dodging        | 2 3 4 |  4.0
Spellcasting   | 3 4 5 6 7 8 9 10 11 12 13 | 13.3
Shields        | 1 2 3 5 6 7 8 9 10 | 10.2
Charms         | 2 4 6 |  6.0
Fighting       | 1 3 4 5 6 7 |  7.4
Poison Magic   | 3 4 |  4.0
Summonings     | 2 |  2.0
Translocations | 2 3 |  3.0
Fire Magic     | 2 3 |  3.0
Armour         | 2 4 5 6 |  6.0
Staves         | 3 4 |  4.6

Action                   |  1- 3 |  4- 6 |  7- 9 | 10-12 | 13-15 | 16-18 || total
-------------------------+-------+-------+-------+-------+-------+-------++-------
Melee: Mace              |    16 |       |       |       |       |       ||    16
       Bite              |     1 |    35 |    72 |   111 |   417 |   134 ||   770
       Dagger            |     4 |    33 |   134 |   378 |   648 |       ||  1197
       Quarterstaff      |       |    41 |       |       |       |       ||    41
       Hand axe          |       |    13 |   126 |       |       |       ||   139
       Scimitar          |       |       |       |    10 |    57 |       ||    67
       Whip              |       |       |       |       |   235 |   278 ||   513
 Cast: Shock             |    57 |    88 |    62 |    91 |    45 |     2 ||   345
       Swiftness         |     1 |       |       |     2 |       |       ||     3
       Airstrike         |       |     3 |     6 |    44 |   150 |    26 ||   229
       Poisonous Vapours |       |       |    21 |    70 |   200 |    27 ||   318
       Mephitic Cloud    |       |       |       |    30 |    67 |    18 ||   115
       Static Discharge  |       |       |       |     8 |    27 |     3 ||    38
       Lightning Bolt    |       |       |       |       |    11 |     1 ||    12
       Summon Butterflie |       |       |       |       |       |     2 ||     2
Invok: Curse Item        |       |       |       |     3 |     2 |       ||     5
       Scrying           |       |       |       |     1 |     1 |       ||     2
 Abil: Evoke Blink       |       |       |       |       |       |     2 ||     2
Evoke: Wand              |       |       |       |     2 |       |     4 ||     6
       Fan of gales      |       |       |       |     1 |       |       ||     1
  Use: Scroll            |       |       |    11 |     7 |    12 |     2 ||    32
       Potion            |       |       |       |     1 |     5 |     4 ||    10
 Stab: Sleeping          |     1 |     1 |     5 |       |     3 |       ||    10
       Confused          |       |       |       |    15 |    41 |     8 ||    64
  Eat: Chunk             |     2 |     7 |    12 |    22 |    29 |     7 ||    79
       Ration            |       |       |       |     4 |     2 |       ||     6
Armor: Robe              |     8 |     1 |       |       |       |       ||     9
       Leather armour    |       |    13 |    38 |       |       |       ||    51
       Scale mail        |       |       |    59 |   175 |   383 |       ||   617
       Acid dragon scale |       |       |       |       |    16 |    70 ||    86
Dodge: Dodged            |    20 |    62 |   197 |   198 |   424 |   188 ||  1089
Block: Shield            |       |       |     1 |   134 |    20 |       ||   155
       Buckler           |       |       |       |       |   440 |   124 ||   564
       Rpst.: Scimitar   |       |       |       |     1 |     4 |       ||     5

Table legend:
 A = Spawn XP
 B = Non-spawn XP
 C = Spawn XP percentage of total XP
 D = Spawn monster count
 E = Non-spawn monster count
 F = Spawn count percentage of total count
 G = Total turns spent on level
                    A         B        C        D         E        F      G
               +---------+---------+-------+---------+---------+-------+---------
         Total |       0 |  131317 |   0.0 |       0 |     681 |   0.0 | 24560
               +---------+---------+-------+---------+---------+-------+---------
           D:1 |       0 |      33 |   0.0 |       0 |      17 |   0.0 |   903
           D:2 |       0 |      50 |   0.0 |       0 |      17 |   0.0 |   622
           D:3 |       0 |     265 |   0.0 |       0 |      32 |   0.0 |  1297
           D:4 |       0 |     502 |   0.0 |       0 |      16 |   0.0 |   813
           D:5 |       0 |     753 |   0.0 |       0 |      17 |   0.0 |  1070
           D:6 |       0 |     961 |   0.0 |       0 |      33 |   0.0 |   726
           D:7 |       0 |    1697 |   0.0 |       0 |      26 |   0.0 |   974
           D:8 |       0 |    1337 |   0.0 |       0 |      24 |   0.0 |   935
           D:9 |       0 |    1401 |   0.0 |       0 |      20 |   0.0 |  1329
          D:10 |       0 |    4661 |   0.0 |       0 |      37 |   0.0 |  1362
          D:11 |       0 |   16671 |   0.0 |       0 |      57 |   0.0 |  1854
          D:12 |       0 |    9028 |   0.0 |       0 |      21 |   0.0 |  1100
        Lair:1 |       0 |    2562 |   0.0 |       0 |      13 |   0.0 |   981
        Lair:2 |       0 |    5166 |   0.0 |       0 |      18 |   0.0 |  1229
        Lair:3 |       0 |   10019 |   0.0 |       0 |      37 |   0.0 |  1527
        Lair:4 |       0 |   10661 |   0.0 |       0 |      43 |   0.0 |  1582
        Lair:5 |       0 |   10143 |   0.0 |       0 |      43 |   0.0 |  1098
        Lair:6 |       0 |   25037 |   0.0 |       0 |      59 |   0.0 |  2585
       Swamp:1 |       0 |    3012 |   0.0 |       0 |       5 |   0.0 |    79
         Orc:1 |       0 |    3008 |   0.0 |       0 |      30 |   0.0 |   720
         Orc:2 |       0 |   24103 |   0.0 |       0 |      90 |   0.0 |  1555
       Ossuary |       0 |     247 |   0.0 |       0 |      26 |   0.0 |   219
               +---------+---------+-------+---------+---------+-------+---------
